 Dungeon Crawl Stone Soup version 0.29.0-4-gdea44cf6ec (webtiles) character file.

Game seed: 18103472418765857257

102 qw the Chopper (level 4, 0/26 HPs)
             Began as a Tengu Warper on Aug 28, 2022.
             Was an Initiate of Okawaru.
             Slain by a lemure (2 damage)
             ... led by Pikel
             ... on level 3 of the Dungeon.
             The game lasted 00:00:15 (3193 turns).

qw the Chopper (Tengu Warper)                       Turns: 3193, Time: 00:00:15

Health: 0/26       AC:  6    Str: 13    XL:     4   Next: 78%
Magic:  8/8        EV: 11    Int: 14    God:    Okawaru [......]
Gold:   102        SH:  0    Dex: 13    Spells: 7/7 levels left

rFire   . . .      SeeInvis .   Y - +1 hand axe
rCold   . . .      Faith    .   (no shield)
rNeg    . . .      Spirit   .   d - +0 ring mail
rPois   .          Reflect  .   (helmet restricted)
rElec   .          Harm     .   j - +0 cloak
rCorr   .          Rampage  .   (no gloves)
Will    .....                   (boots unavailable)
Stlth   +.........              (no amulet)
HPRegen 0.08/turn               (no ring)
MPRegen 0.11/turn               (no ring)

@: no status effects
A: beak, talons 3
a: Renounce Religion


You were on level 3 of the Dungeon.
You worshipped Okawaru.
Okawaru was noncommittal.
You visited 1 branch of the dungeon, and saw 4 of its levels.

You collected 102 gold pieces.


Innate Abilities, Weirdness & Mutations

You have a beak for a mouth.
You have claws for feet.


   Skills:
 - Level 2.0 Fighting
 + Level 5.3 Axes
 - Level 1.0 Throwing
 - Level 1.1 Armour
 - Level 2.1 Dodging
 - Level 2.0 Spellcasting
 - Level 2.4 Translocations


You had 7 spell levels left.
You didn't know any spells.
Your spell library contained the following spells:

 Spells                   Type           Power      Damage    Failure   Level
 Blink                    Tloc           16%        N/A       28%         2
 Gell's Gravitas          Tloc           8%         N/A       50%         3
 Lesser Beckoning         Tloc           8%         N/A       50%         3
 Teleport Other           Tloc           8%         N/A       50%         3
 Manifold Assault         Tloc           8%         N/A       99%         5

Inventory:

Hand Weapons
 h - a +0 flail
 Y - a +1 hand axe (weapon)
Armour
 d - a +0 ring mail (worn)
 j - a +0 cloak (worn)
Scrolls
 g - a scroll of identify
Potions
 c - 3 potions of curing
 e - a potion of haste
 f - a potion of mutation

Dungeon Overview and Level Annotations

Branches:
Dungeon (4/15)
 Temple: D:4-7

Altars:
Fedhas
Makhleb
Okawaru

Annotations:
D:4 Pikel


Message History

3185 ||| DRINKING potion of heal wounds.
You feel much better. The lemure closely misses you.
The lemure hits you but does no damage. The lemure barely misses you.
You hit the lemure. Your kick misses the lemure. You peck the lemure.
The lemure is severely wounded.
You hit the lemure. You barely miss the lemure.
The lemure hits you but does no damage. The lemure closely misses you.
The lemure misses you.
You hit the lemure. You claw the lemure. Your punch misses the lemure.
The lemure is almost dead.
You hit the lemure. You barely miss the lemure. The lemure hits you!
The lemure hits you. x2
You slash the lemure!
You kill the lemure!
That felt strangely unrewarding.
You barely miss the lemure. You closely miss the lemure.
The lemure completely misses you. The lemure hits you but does no damage.
You hit the lemure.
The lemure is heavily wounded.
You closely miss the lemure. The lemure hits you.
The lemure closely misses you.
You closely miss the lemure. You claw the lemure.
You peck the lemure, but do no damage.
The lemure is heavily wounded.
You hit the lemure but do no damage. The lemure hits you.
The lemure hits you but does no damage.
You hit the lemure. Your peck misses the lemure.
The lemure is severely wounded.
You hit the lemure. The lemure misses you. The lemure hits you.
You hit the lemure but do no damage. You claw the lemure.
The lemure is severely wounded.
You closely miss the lemure. The lemure barely misses you. x2
You hit the lemure. Your kick misses the lemure. Your peck misses the lemure.
The lemure is severely wounded.
You closely miss the lemure. The lemure closely misses you.
The lemure hits you.
You die...

#...##.....# #....####
#...##.....# #...)##7P
#...##.....###........
#..!##............##7P
#....#.....###.##.####
#.......#.#....^...#
######....##.#.#..#.###.#
#.......................# #
#.........@5............###
#.........)5............#3#
#.............[.......#####
#.....................#2#_.
#.....................#####
#.......................#3#
#.......................###
#.......................>..
#.......................##.


You could see 2 lemures.

Vanquished Creatures
  A lemure (D:3)
  Terence (D:2)
  4 adders
  A dart slug (D:1)
  An orc (D:3)
  6 bats
  2 endoplasms
  A giant cockroach (D:1)
  5 goblins
  6 hobgoblins
  2 quokkas
  4 ball pythons
  4 frilled lizards
  A kobold (D:3)
  2 rats
41 creatures vanquished.

Vanquished Creatures (others)
  A plant (D:3)
1 creature vanquished.

Grand Total: 42 creatures vanquished

Notes
Turn   | Place    | Note
-------+----------+-------------------------------------------
     0 | D:1      | qw the Tengu Warper began the quest for the Orb.
     0 | D:1      | Reached XP level 1. HP: 12/12 MP: 4/4
     0 | D:1      | 0 ||| qw: Version: 0.1-a-89-g26bdef1
     0 | D:1      | 0 ||| qw: Game counter: 1734
     0 | D:1      | 0 ||| qw: Always use a shield: true
     0 | D:1      | 0 ||| qw: God list: Okawaru
     0 | D:1      | 0 ||| qw: Allow faded altars: false
     0 | D:1      | 0 ||| qw: Do Orc after D:15 true
     0 | D:1      | 0 ||| qw: Do second Lair branch before Depths: true
     0 | D:1      | 0 ||| qw: Lair rune preference: random
     0 | D:1      | 0 ||| qw: Plans: Normal
     0 | D:1      | 0 ||| PLANNING D:1-11
     9 | D:1      | 9 ||| Stepping ~*~*~tactically~*~*~ (hiding).
    10 | D:1      | 10 ||| Stepping ~*~*~tactically~*~*~ (hiding).
    78 | D:1      | HP: 3/12 [quokka (1)]
    80 | D:1      | Reached skill level 3 in Axes
    80 | D:1      | Reached XP level 2. HP: 4/17 MP: 6/6
   947 | D:1      | 947 ||| UPGRADING to +0 ring mail.
   957 | D:1      | 957 ||| DROPPING +0 leather armour.
   958 | D:1      | 958 ||| READING scroll labelled MAEHIY CASEO.
   959 | D:1      | 959 ||| DROPPING scroll of blinking.
   978 | D:2      | Reached XP level 3. HP: 20/21 MP: 7/7
  1041 | D:2      | Reached skill level 4 in Axes
  1257 | D:2      | Noticed Terence
  1259 | D:2      | 1259 ||| Stepping ~*~*~tactically~*~*~ (stealth).
  1269 | D:2      | Killed Terence
  1270 | D:2      | Reached XP level 4. HP: 15/26 MP: 8/8
  1416 | D:2      | 1416 ||| DROPPING +0 club.
  1440 | D:2      | 1440 ||| Stepping ~*~*~tactically~*~*~ (stealth).
  1446 | D:2      | 1446 ||| Stepping ~*~*~tactically~*~*~ (stealth).
  1665 | D:2      | 1665 ||| READING scroll labelled PYICSU ROIJ.
  1666 | D:2      | 1666 ||| READING 2 scrolls labelled BOTER PUOWKILAN.
  1667 | D:2      | 1667 ||| Stepping randomly (stuck).
  1668 | D:2      | 1668 ||| Stepping ~*~*~tactically~*~*~ (cloud).
  1911 | D:3      | Found an iron altar of Okawaru.
  1969 | D:3      | Became a worshipper of Warmaster Okawaru
  1997 | D:3      | Reached skill level 5 in Axes
  2121 | D:3      | HP: 6/26 [poisoned by an adder]
  2596 | D:3      | Found a blossoming altar of Fedhas.
  2635 | D:3      | Found a burning altar of Makhleb.
  2635 | D:3      | Noticed a cacodemon
  2638 | D:3      | Noticed a neqoxec
  2638 | D:3      | Noticed a neqoxec
  2982 | D:3      | 2982 ||| Stepping ~*~*~tactically~*~*~ (hiding).
  2984 | D:3      | 2984 ||| Stepping ~*~*~tactically~*~*~ (hiding).
  3081 | D:3      | 3081 ||| UPGRADING to +0 cloak.
  3086 | D:3      | 3086 ||| READING scroll labelled ILIDGH KUUVUMABI.
  3087 | D:3      | 3087 ||| DRINKING 2 murky emerald potions.
  3088 | D:3      | 3088 ||| DRINKING 4 green potions.
  3089 | D:3      | 3089 ||| DRINKING 2 black potions.
  3090 | D:3      | 3090 ||| READING 4 scrolls of identify.
  3090 | D:3      | 3090 ||| IDENTIFYING fuming purple potion
  3091 | D:3      | 3091 ||| READING 3 scrolls of identify.
  3091 | D:3      | 3091 ||| IDENTIFYING brown potion
  3092 | D:3      | 3092 ||| READING 2 scrolls of identify.
  3092 | D:3      | 3092 ||| IDENTIFYING dark potion
  3093 | D:3      | 3093 ||| DROPPING potion of flight.
  3094 | D:3      | 3094 ||| DROPPING potion of brilliance.
  3101 | D:4      | Noticed Pikel
  3101 | D:4      | Noticed a lemure
  3101 | D:4      | Noticed a lemure
  3101 | D:4      | Noticed a lemure
  3103 | D:4      | 3103 ||| STAIRDANCE
  3103 | D:4      | Noticed a lemure
  3179 | D:4      | 3179 ||| STAIRDANCE
  3184 | D:3      | HP: 6/26 [lemure[Pikel] (8)]
  3185 | D:3      | 3185 ||| DRINKING potion of heal wounds.
  3188 | D:3      | Killed a lemure
  3190 | D:3      | HP: 5/26 [lemure[Pikel] (5)]
  3191 | D:3      | HP: 2/26 [lemure[Pikel] (3)]
  3193 | D:3      | Slain by a lemure

Levels and vault maps discovered:
D:1:      saegor_arrival_simple_e, layout_rooms
D:2:      layout_rooms, uniq_terence
D:3:      layout_basic, mainiacjoe_overflow_tiny_flanked,
          nicolae_overflow_crystal_walls, makhleb_altar_promises_db,
          dreamdust_princess_corridor
D:4:      layout_cave_pools, nicolae_tso_carved_into_rock,
          mainiacjoe_overflow_24_doors, nzn_hepliaklqana_mist_gate,
          minmay_temple_entry_slanted, kennysheep_generic_room_6, uniq_pikel,
          uniq_blork_the_orc, uniq_eustachio

Skill      XL: |  1  2  3  4 |
---------------+-------------+-----
Axes           | 3 4 5 |  5.3
Fighting       | |  2.0
Throwing       | |  1.0
Armour         | |  1.1
Dodging        | |  2.1
Spellcasting   | |  2.0
Translocations | |  2.4

Action                   |  1- 3 |  4- 6 || total
-------------------------+-------+-------++-------
Melee: Hand axe          |    71 |    49 ||   120
       Peck              |    10 |     7 ||    17
       Kick              |    12 |    14 ||    26
       Punch             |     1 |       ||     1
Throw: Boomerang         |     7 |       ||     7
  Use: Scroll            |     1 |     6 ||     7
       Potion            |       |     4 ||     4
Armor: Leather armour    |     7 |       ||     7
       Ring mail         |     5 |    17 ||    22
Dodge: Dodged            |    38 |    26 ||    64

Table legend:
 A = Non-vault XP
 B = Vault XP
 C = Vault XP percentage of total XP
 D = Non-vault monster count
 E = Vault monster count
 F = Vault count percentage of total count
                 A         B        C        D         E       F
            +---------+---------+-------+---------+---------+-------
      Total |     111 |      36 |  24.5 |      39 |       1 |   2.5
            +---------+---------+-------+---------+---------+-------
        D:1 |      31 |       0 |   0.0 |      17 |       0 |   0.0
        D:2 |      41 |      36 |  46.8 |      12 |       1 |   7.7
        D:3 |      39 |       0 |   0.0 |      10 |       0 |   0.0
            +---------+---------+-------+---------+---------+-------
